 Dungeon Crawl Stone Soup version 0.21.1-1-g345015f (webtiles) character file.

209 KeyboardFingers the Bolt Thrower (level 5, -2/46 HPs)
             Began as a Deep Dwarf Hunter on June 11, 2018.
             Slain by an orc wizard
             ... wielding a +0 dagger
              (4 damage)
             ... on level 3 of the Dungeon.
             The game lasted 00:28:21 (1892 turns).

KeyboardFingers the Bolt Thrower (DDHu)             Turns: 1892, Time: 00:28:22

Health: -2/46      AC:  8    Str: 14 (15) XL:     5   Next: 55%
Magic:  0/0        EV: 10    Int:  9 (12) God:
Gold:   40         SH:  0    Dex: 12 (14) Spells: 4/4 levels left

rFire    . . .     SeeInvis .   l - -2 rapier (curse)
rCold    . . .     Gourm    .   (no shield)
rNeg     . . .     Faith    .   i - +0 scale mail
rPois    .         Spirit   .   (no helmet)
rElec    .         Reflect  .   n - +1 cloak
rCorr    .         Harm     .   (no gloves)
MR       .....                  (no boots)
Stlth    +.........             (no amulet)
HPRegen  0.00/turn              (no ring)
MPRegen  0.07/turn              (no ring)

@: non-regenerating, drained
A: damage resistance, heal wounds, sense surroundings 1, no regeneration
a: Heal Wounds


You were on level 3 of the Dungeon.
You were not hungry.

You visited 1 branch of the dungeon, and saw 3 of its levels.

You collected 40 gold pieces.

Inventory:

Hand Weapons
 a - a +2 hand crossbow
 b - a +0 short sword
 k - a +3 quarterstaff of chaos
 l - a cursed -2 rapier (weapon)
Missiles
 d - 34 bolts (quivered)
Armour
 c - a +0 leather armour
 e - a +0 cloak
 h - a +0 leather armour
 i - a +0 scale mail (worn)
 m - a cursed +0 cloak
 n - a +1 cloak (worn)
Scrolls
 g - a scroll of blinking
 j - 2 scrolls of immolation
Comestibles
 f - 5 rations


   Skills:
 + Level 2.4(2.1) Fighting
 + Level 1.5(1.2) Short Blades
 + Level 5.4(5.1) Crossbows
 + Level 1.5(1.2) Armour
 * Level 3.4(3.0) Dodging
 * Level 3.1(2.8) Stealth


You had 4 spell levels left.
You didn't know any spells.

Dungeon Overview and Level Annotations

Branches:
Dungeon (3/15)

Altars:
Vehumet
The Shining One

Annotations:
D:2 Sigmund


Innate Abilities, Weirdness & Mutations

You are resistant to damage.
You can heal yourself by infusing magical energy.
You passively map a small area around you.
You do not regenerate.


Message History

You don't have enough innate magic capacity.
You don't have enough innate magic capacity.
You don't have enough innate magic capacity.
You don't have enough innate magic capacity.
You don't have enough innate magic capacity.
You don't have enough innate magic capacity.
You closely miss the orc wizard.
The orc wizard is moderately wounded.
The orc wizard points at you and mumbles some strange words.
The puff of flame hits you!
* * * LOW HITPOINT WARNING * * *
You closely miss the orc wizard.
The orc wizard is moderately wounded.
The orc wizard gestures at you while chanting.
The puff of flame hits you!
* * * LOW HITPOINT WARNING * * *
You hit the orc wizard.
The orc wizard is heavily wounded.
The orc wizard hits you with a dagger.
You die...

##.....#.......##..##...,
,
)......#.####...#.......
, #...#..#.# #...........
#...#....####....###.###
......<.....#....# *
#.#.#.#####.###.o###'*
........# .###oo.+_ ,
........# # #o###*
........# , #@# ***
........# , #.# ** ,
........#* , #..
........# ....,
........#, , ,..#.. *
........#, ...#.## * *
.######## , ...#.# .# ,
....# # .# , ,


You could see an orc wizard and 3 orcs.

Vanquished Creatures
  Crazy Yiuf (D:3)
  4 gnolls (D:3)
  5 adders
  3 oozes
  An adder skeleton (D:3)
  A dart slug (D:2)
  2 leopard geckos
  3 orcs (D:3)
  3 giant cockroaches
  9 goblins
  3 hobgoblins
  7 jackals (D:2)
  A quokka (D:3)
  3 bats
  3 frilled lizards
  10 kobolds
  10 rats
69 creatures vanquished.

Vanquished Creatures (others)
  An orc wizard (D:3)
1 creature vanquished.

Grand Total: 70 creatures vanquished

Notes
Turn   | Place    | Note
-------+----------+-------------------------------------------
     0 | D:1      | KeyboardFingers the Deep Dwarf Hunter began the quest for the Orb.
     0 | D:1      | Reached XP level 1. HP: 19/19 MP: 1/1
   140 | D:1      | Reached XP level 2. HP: 20/26 MP: 2/2
   369 | D:1      | Reached skill level 5 in Crossbows
   740 | D:2      | Reached XP level 3. HP: 30/32 MP: 3/3
   830 | D:2      | Noticed Sigmund
  1157 | D:3      | Reached XP level 4. HP: 35/39 MP: 4/4
  1215 | D:3      | Reached skill level 1 in Armour
  1332 | D:3      | Reached skill level 1 in Short Blades
  1332 | D:3      | Reached XP level 5. HP: 44/45 MP: 2/2
  1426 | D:3      | Found a radiant altar of Vehumet.
  1496 | D:3      | Found a glowing golden altar of the Shining One.
  1524 | D:3      | Found a runed door.
  1528 | D:3      | Noticed Crazy Yiuf
  1570 | D:3      | Paralysed by Crazy Yiuf for 2 turns
  1577 | D:3      | Killed Crazy Yiuf
  1891 | D:3      | HP: 2/46 [orc wizard/puff of flame (7)]
  1892 | D:3      | Slain by an orc wizard

Skill      XL: |  1  2  3  4  5 |
---------------+----------------+-----
Crossbows      | 5 |  5.4
Fighting       | 2 |  2.4
Stealth        | 2 3 |  3.1
Dodging        | 3 |  3.4
Armour         | 1 |  1.5
Short Blades   | 1 |  1.5

Action                   |  1- 3 |  4- 6 || total
-------------------------+-------+-------++-------
Melee: Short sword       |    34 |       ||    34
       Rapier            |    52 |   202 ||   254
 Fire: Hand crossbow     |    73 |       ||    73
 Abil: Heal Wounds       |     2 |    10 ||    12
  Use: Scroll            |     7 |     2 ||     9
       Potion            |     1 |     2 ||     3
  Eat: Chunk             |       |     4 ||     4
Armor: Leather armour    |     9 |       ||     9
       Scale mail        |    40 |    86 ||   126
Dodge: Dodged            |    76 |    99 ||   175
